 Dungeon Crawl Stone Soup version 0.23.0 (webtiles) character file.

Game seed: 323440540353254244

7093 Delanovic the Nimble (level 11, -3/72 HPs)
             Began as a Halfling Abyssal Knight on Feb 17, 2019.
             Was a High Priest of Lugonu.
             Impaled on a porcupine's spines (18 damage)
             ... on level 10 of the Dungeon.
             The game lasted 00:28:44 (13114 turns).

Delanovic the Nimble (Halfling Abyssal Knight)     Turns: 13114, Time: 00:28:45

Health: -3/72      AC:  9    Str: 13    XL:     11   Next: 30%
Magic:  17/17      EV: 22    Int: 10    God:    Lugonu [*****.]
Gold:   531        SH:  7    Dex: 18    Spells: 10/10 levels left

rFire    . . .     SeeInvis .   M - +2 long sword
rCold    . . .     Gourm    .   s - +0 buckler
rNeg     . . .     Faith    .   b - +0 leather armour
rPois    .         Spirit   .   h - +0 helmet
rElec    .         Reflect  .   j - +0 cloak
rCorr    .         Harm     +   g - +0 pair of gloves
MR       .....                  t - +0 pair of boots
Stlth    ++........             o - amulet of harm
HPRegen  0.22/turn              k - ring of stealth
MPRegen  0.15/turn              D - +2 ring of protection

@: no status effects
A: small, mutation resistance 1
a: Depart the Abyss, Bend Space, Banish, Corrupt, Enter the Abyss, Renounce
Religion


You were on level 10 of the Dungeon.
You worshipped Lugonu.
Lugonu was extremely pleased with you.
You were very hungry.

You visited 1 branch of the dungeon, and saw 10 of its levels.
You visited the Abyss 1 time.

You collected 531 gold pieces.

Inventory:

Hand Weapons
 M - a +2 long sword (weapon)
Armour
 b - a +0 leather armour (worn)
 g - a +0 pair of gloves (worn)
 h - a +0 helmet (worn)
 j - a +0 cloak (worn)
 s - a +0 buckler (worn)
 t - a +0 pair of boots (worn)
 u - a +2 robe of fire resistance
 A - a cursed +0 crystal plate armour
Jewellery
 k - a ring of stealth (left hand)
 o - an amulet of harm (around neck)
 D - a +2 ring of protection (right hand)
Wands
 m - a wand of flame (2)
 x - a wand of digging (12)
 F - a wand of acid (4)
 H - a wand of enslavement (7)
Scrolls
 d - 2 scrolls of identify
 l - 4 scrolls of teleportation
 n - a scroll of blinking {unknown}
 p - 4 scrolls of fog {unknown}
 r - 2 scrolls of remove curse
 v - a scroll of random uselessness {unknown}
 y - a scroll of enchant weapon {unknown}
 z - 3 scrolls of immolation
 B - 2 scrolls of amnesia {unknown}
Potions
 f - a potion of resistance
 i - 2 potions of might
 q - a potion of curing
 w - 3 potions of flight
 C - a potion of berserk rage
 E - 2 potions of brilliance
 G - 2 potions of haste
 I - a potion of degeneration
 J - a potion of mutation
 K - a potion of heal wounds {unknown}
Miscellaneous
 a - a lightning rod (3/4)
Comestibles
 c - 9 rations


   Skills:
 + Level 6.2 Fighting
 + Level 9.4 Long Blades
 - Level 2.1 Armour
 + Level 10.0 Dodging
 - Level 5.3 Shields
 - Level 8.1 Invocations


You had 10 spell levels left.
You didn't know any spells.
Your spell library contained the following spells:

 Spells                   Type           Power        Failure   Level  Hunger
 Animate Skeleton         Necr           N/A          43%         1    ##.....
 Apportation              Tloc           #.....       43%         1    ##.....
 Confusing Touch          Hex            #.....       43%         1    ##.....
 Magic Dart               Conj           #...         43%         1    ##.....
 Summon Small Mammal      Summ           #...         43%         1    ##.....
 Searing Ray              Conj           #.....       58%         2    ###....
 Dazzling Spray           Conj/Hex       #.....       82%         3    ####...
 Force Lance              Conj/Tloc      #.......     99%         4    #####..
 Fulminant Prism          Conj/Hex       #.........   99%         4    #####..
 Iskenderun's Mystic Bla  Conj           #.......     99%         4    #####..
 Bolt of Magma            Conj/Fire/Erth #.........   100%        5    ######.
 Iskenderun's Battlesphe  Conj/Chrm      #.......     100%        5    ######.
 Venom Bolt               Conj/Pois      #.........   100%        5    ######.
 Iron Shot                Conj/Erth      #.........   100%        6    #######
 Orb of Destruction       Conj           #.........   100%        7    #######
 Spellforged Servitor     Conj/Summ      #.........   100%        7    #######


Dungeon Overview and Level Annotations

Branches:
Dungeon (10/15)            Temple (0/1) D:4             Orc (0/2) D:9
   Lair: D:8-11

Altars:
Ashenzari
Gozag
Qazlal
Ru
Trog
Wu Jian
Xom

Shops:
D:9 :}


Innate Abilities, Weirdness & Mutations

You are small and have problems with some larger weapons.
You are somewhat resistant to further mutation.


Message History

You destroy the wyvern skeleton!
Lugonu accepts your kill.
You closely miss the kobold. The kobold completely misses you.
You slash the kobold!
You kill the kobold!
Lugonu accepts your kill.
The kobold wields a +0 blowgun.
The kobold shoots a poisoned needle.
The poisoned needle misses you.
You barely miss the kobold.
The kobold unwields a +0 blowgun.
The kobold misses you.
You riposte.
You miss the kobold. You hit the kobold.
You kill the kobold!
Lugonu accepts your kill.
You are struck by the porcupine's spines.
You barely miss the porcupine. The porcupine bites you.
You are struck by the porcupine's spines.
* * * LOW HITPOINT WARNING * * *
You hit the porcupine but do no damage. You block the porcupine's attack.
You are struck by the porcupine's spines.
You die...

#..?...(....##
##########.(.##
#..(.## ##....##
##....# ### ###(.#
..######### #.K#
..........## ##r#
......>....## #@#
#########...# #.#
#...# ##.# #####...#
#..#
###.......###..##
###....##.......(.##
....######.........#
...## ##.........#
...# ##.......).<#


You could see a porcupine and a kobold.

Vanquished Creatures
  A two-headed ogre (D:10)
  Psyche (D:8)
  A troll (D:10)
  Prince Ribbit (D:8)
  3 hippogriffs (D:8)
  A wyvern (D:8)
  5 yaks (D:8)
  2 hungry ghosts
  2 orc warriors
  A porcupine (D:9)
  A black bear (D:10)
  A hornet zombie (D:10)
  2 sky beasts (D:5)
  3 ice beasts
  7 ogres
  2 phantoms
  3 centaurs
  Blork the orc (D:4)
  3 bullfrogs
  A wyvern skeleton (D:10)
  A scorpion (D:6)
  6 killer bees
  4 wights (D:10)
  3 howler monkeys
  3 crimson imps
  4 jellies
  A quasit (D:9)
  5 hounds
  2 orc priests
  A centaur skeleton (D:6)
  4 orc wizards
  2 bullfrog skeletons
  7 iguanas
  Natasha (thrice) (D:4)
  4 worker ants
  A hound zombie (D:8)
  A hound skeleton (D:4)
  Robin (D:4)
  12 adders
  A shadow imp (D:10)
  An ooze (D:6)
  2 adder skeletons
  3 worms
  A dart slug (D:2)
  7 leopard geckos
  23 orcs
  6 giant cockroaches
  17 goblins
  12 hobgoblins
  24 jackals
  5 quokkas
  2 ball pythons
  5 bats
  3 frilled lizards
  12 kobolds
  A leopard gecko skeleton (D:5)
  2 quokka skeletons
  5 rats
239 creatures vanquished.

Vanquished Creatures (others)
  An orc (D:4)
  19 fungi (D:10)
  11 plants (D:10)
31 creatures vanquished.

Grand Total: 270 creatures vanquished

Notes
Turn   | Place    | Note
-------+----------+-------------------------------------------
     0 | Abyss:1  | Delanovic the Halfling Abyssal Knight began the quest for
                  | the Orb.
     0 | Abyss:1  | Reached XP level 1. HP: 15/15 MP: 2/2
    10 | Abyss:1  | Found a corrupted altar of Lugonu.
    80 | Abyss:1  | Found an iron altar of Okawaru.
    84 | Abyss:1  | Found an iron altar of Okawaru.
   131 | Abyss:1  | Found a corrupted altar of Lugonu.
   131 | Abyss:1  | Found a corrupted altar of Lugonu.
   137 | D:1      | Escaped the Abyss
   281 | D:1      | Reached XP level 2. HP: 20/20 MP: 3/3
   757 | D:1      | Reached XP level 3. HP: 26/26 MP: 4/4
   886 | D:2      | Reached ** piety under Lugonu
   886 | D:2      | Reached skill level 2 in Dodging
  1092 | D:2      | Found an ornate altar of the Wu Jian Council.
  1316 | D:2      | Reached XP level 4. HP: 17/31 MP: 5/5
  1649 | D:2      | Found a shimmering altar of Xom.
  1965 | D:2      | Found a sacrificial altar of Ru.
  2082 | D:3      | Reached XP level 5. HP: 29/36 MP: 6/6
  2443 | D:3      | Reached skill level 3 in Dodging
  2748 | D:3      | Reached *** piety under Lugonu
  3076 | D:4      | Noticed Natasha
  3088 | D:4      | Killed Natasha
  3088 | D:4      | Reached XP level 6. HP: 41/43 MP: 7/7
  3121 | D:4      | Found a staircase to the Ecumenical Temple.
  3122 | D:4      | Noticed Natasha
  3218 | D:4      | Killed Natasha
  3367 | D:4      | Noticed Natasha
  3393 | D:4      | Killed Natasha
  3514 | D:4      | Noticed Blork the orc
  3540 | D:4      | Killed Blork the orc
  3540 | D:4      | Reached skill level 4 in Dodging
  4092 | D:4      | Noticed Robin
  4105 | D:4      | Reached XP level 7. HP: 31/49 MP: 8/8
  4122 | D:4      | Killed Robin
  4634 | D:5      | Entered Level 5 of the Dungeon
  4649 | D:5      | Found an opulent altar of Gozag.
  5201 | D:5      | Reached **** piety under Lugonu
  6023 | D:5      | Reached skill level 5 in Dodging
  6023 | D:5      | Reached XP level 8. HP: 54/54 MP: 10/10
  6449 | D:5      | Reached skill level 5 in Long Blades
  7216 | D:6      | Reached skill level 6 in Dodging
  7226 | D:6      | Reached skill level 5 in Invocations
  8192 | D:7      | Found a stormy altar of Qazlal.
  8248 | D:7      | Found a bloodstained altar of Trog.
  8360 | D:7      | Reached XP level 9. HP: 58/59 MP: 11/13
  8536 | D:7      | Reached skill level 1 in Shields
  9122 | D:8      | Reached skill level 7 in Dodging
  9428 | D:8      | Noticed a hippogriff
  9438 | D:8      | Killed a hippogriff
  9632 | D:8      | Noticed a hippogriff
  9646 | D:8      | Killed a hippogriff
 10023 | D:8      | Noticed Prince Ribbit
 10034 | D:8      | Killed Prince Ribbit
 10034 | D:8      | Reached XP level 10. HP: 51/65 MP: 15/15
 10404 | D:8      | Noticed Psyche
 10491 | D:8      | Killed Psyche
 10491 | D:8      | Reached skill level 8 in Dodging
 10894 | D:8      | Reached skill level 5 in Shields
 11227 | D:8      | Reached ***** piety under Lugonu
 11535 | D:9      | Found a shattered altar of Ashenzari.
 11541 | D:9      | Found a staircase to the Orcish Mines.
 11596 | D:9      | Found Cociru's Gadget Shop.
 11628 | D:9      | Found Nyvewn's Book Emporium.
 11649 | D:9      | Reached skill level 9 in Dodging
 11859 | D:9      | Reached skill level 5 in Fighting
 12195 | D:9      | Found a stormy altar of Qazlal.
 12414 | D:10     | Entered Level 10 of the Dungeon
 12455 | D:10     | Reached XP level 11. HP: 49/72 MP: 17/17
 13076 | D:10     | Noticed a two-headed ogre
 13103 | D:10     | Killed a two-headed ogre
 13103 | D:10     | Reached skill level 10 in Dodging
 13114 | D:10     | Impaled on a porcupine's spines

Skill      XL: |  1  2  3  4  5  6  7  8  9 10 11 |
---------------+----------------------------------+-----
Fighting       | 3 4 5 6 |  6.2
Dodging        | 2 3 4 5 6 7 9 10 | 10.0
Long Blades    | 3 4 6 7 8 9 |  9.4
Invocations    | 3 5 7 8 |  8.1
Shields        | 3 5 |  5.3
Armour         | |  2.1

Action                   |  1- 3 |  4- 6 |  7- 9 | 10-12 || total
-------------------------+-------+-------+-------+-------++-------
Melee: Falchion          |    83 |   204 |   221 |       ||   508
       Long sword        |       |       |   238 |   354 ||   592
Invok: Bend Space        |       |       |       |     3 ||     3
Evoke: Wand              |       |     2 |    16 |    12 ||    30
       Lightning rod     |       |       |       |     1 ||     1
  Use: Potion            |       |     3 |     2 |     1 ||     6
       Scroll            |       |       |     9 |     2 ||    11
 Stab: Sleeping          |     2 |    10 |     4 |     2 ||    18
  Eat: Chunk             |     1 |     8 |    18 |     5 ||    32
       Ration            |       |       |     1 |     2 ||     3
Armor: Leather armour    |    20 |    48 |    89 |    53 ||   210
       Skin              |       |     4 |    31 |       ||    35
Dodge: Dodged            |    48 |   158 |   342 |   314 ||   862
Block: Buckler           |       |    27 |    95 |   121 ||   243
       Rpst.: Falchion   |    15 |    56 |    36 |       ||   107
       Long sword        |       |       |    61 |    74 ||   135
